 Dungeon Crawl Stone Soup version 0.26-a0-597-gb535b0901c (webtiles) character file.

Game seed: 4685176654551921423

228 kae the Skirmisher (level 5, -10/42 HPs)
             Began as a Demonspawn Fighter on Aug 27, 2020.
             Killed by divine providence
             ... invoked by an orc priest
              (17 damage)
             ... on level 3 of the Dungeon.
             The game lasted 00:01:28 (2119 turns).

kae the Skirmisher (Demonspawn Fighter)             Turns: 2119, Time: 00:01:28

Health: -10/42     AC:  7    Str: 17    XL:     5   Next: 70%
Magic:  5/5        EV: 12    Int:  9    God:
Gold:   181        SH: 21    Dex: 13    Spells: 4/4 levels left

rFire    . . .     SeeInvis .   a - +1 trident
rCold    + . .     Faith    .   c - +1 kite shield
rNeg     . . .     Spirit   .   b - +0 scale mail
rPois    .         Reflect  +   (no helmet)
rElec    .         Harm     .   (no cloak)
rCorr    +                      (no gloves)
MR       .....                  (no boots)
Stlth    ..........             r - amulet of reflection
HPRegen  0.14/turn              n - ring of resist corrosion
MPRegen  0.09/turn              (no ring)

@: agile
A: large bone plates 2, cold resistance 1, powered by pain 1
a: no special abilities


You were on level 3 of the Dungeon.
You visited 1 branch of the dungeon, and saw 3 of its levels.

You collected 181 gold pieces.

Inventory:

Hand Weapons
 a - a +1 trident (weapon)
Armour
 b - a +0 scale mail (worn)
 c - a +1 kite shield (worn)
Jewellery
 n - a ring of resist corrosion (left hand)
 r - an amulet of reflection (around neck)
Wands
 d - a wand of flame (19)
 u - a wand of enslavement (10)
Scrolls
 i - a scroll of remove curse
 k - a scroll of enchant armour
Potions
 e - 2 potions of mutation
 f - a potion of invisibility
 g - 3 potions of curing
 h - a potion of cancellation {unknown}
 l - a potion of haste
 q - a potion of berserk rage {unknown}
 s - a potion of magic {unknown}
 t - a potion of flight {unknown}


   Skills:
 + Level 4.1 Fighting
 + Level 3.1 Polearms
 + Level 3.7 Armour
 + Level 3.7 Shields


You had 4 spell levels left.
You didn't know any spells.
Your spell library was empty.

Dungeon Overview and Level Annotations

Branches:
Dungeon (3/15)

Altars:
Hepliaklqana
Wu Jian


Innate Abilities, Weirdness & Mutations

You are mostly covered in large bone plates. (SH +6)
Your flesh is cold resistant. (rC+)
You sometimes gain a little power by taking damage.


Message History

You block the orc priest's attack.
Things that are here:
a cursed -1 mace; an orc corpse You hit the orc priest.
The orc priest is lightly wounded.
The orc priest mumbles some strange prayers to Beogh against you.
Pain shoots through your body!
* * * LOW HITPOINT WARNING * * *
You block the orc priest's attack.
You barely miss the orc priest.
The orc priest is lightly wounded.
You block the orc priest's attack.
You hit the orc priest.
The orc priest is moderately wounded.
You block the orc priest's attack.
You completely miss the orc priest.
The orc priest is moderately wounded.
The orc priest calls down the wrath of Beogh upon you.
Beogh smites you!
You die...

*****,,,,,#.*****,** *,,,*⌠≈,
#.***#.......#,,* **,,**≈≈
**####.####.......#*,* ***≈***
##,.....#.......>..,,,* **≈≈≈≈
##..............#.###,,** **,,,*,
.....,..............#*,,***,,,,*,
....#####...........#*,,,,,,,,,*,
....#....).....)....##..,,,,,,*,,
....#.###...)...@o......,,,,,,*,,
....#.#.................,,,,,,,**
#####.#.................,,,,,,,,,
......#...........######*,,,,,***
#######.##.......##*,⌠.#**,*,,,,,
# ***..#*#.#####.#*,,,,.**,,,,,,,
# *,...,...# #.#,,,,,,,*,,,,,,, #
*,.##*#.## #.#,*,,,*,*,,,,,,,
###..#*,,,******,*,,,,,,,*,,,,,,,


You could see an orc priest.

Vanquished Creatures
  Sigmund (D:3)
  2 adders (D:2)
  2 dart slugs
  A leopard gecko (D:1)
  6 orcs (D:3)
  4 ball pythons
  5 bats (D:1)
  2 giant cockroaches
  6 hobgoblins
  3 jackals
  2 kobolds (D:1)
  6 frilled lizards
  3 goblins
  6 rats
49 creatures vanquished.

Notes
Turn   | Place    | Note
-------+----------+-------------------------------------------
     0 | D:1      | kae the Demonspawn Fighter began the quest for the Orb.
     0 | D:1      | Reached XP level 1. HP: 18/18 MP: 1/1
   221 | D:1      | Gained mutation: You are partially covered in large bone
                  | plates. (SH +4) [demonic ancestry]
   221 | D:1      | Reached XP level 2. HP: 24/24 MP: 2/2
   613 | D:1      | Gained mutation: Your flesh is cold resistant. (rC+)
                  | [demonic ancestry]
   613 | D:1      | Reached XP level 3. HP: 8/29 MP: 3/3
  1929 | D:3      | Found an ornate altar of the Wu Jian Council.
  1930 | D:3      | Found a hazy altar of Hepliaklqana.
  1940 | D:3      | Noticed Sigmund
  1953 | D:3      | Killed Sigmund
  1953 | D:3      | Reached skill level 4 in Fighting
  1953 | D:3      | Gained mutation: You are mostly covered in large bone
                  | plates. (SH +6) [demonic ancestry]
  1953 | D:3      | Reached XP level 4. HP: 27/37 MP: 4/4
  1953 | D:3      | Gained mutation: You sometimes gain a little power by
                  | taking damage. [demonic ancestry]
  1953 | D:3      | Reached XP level 5. HP: 31/42 MP: 5/5
  2119 | D:3      | Killed from afar by an orc priest

Illustrated notes

Levels and vault maps discovered:
D:1:      saegor_arrival_under_anarchy, layout_rooms, minmay_shallow_snake_nest
D:2:      layout_rooms, chequers_serial_rivers_small_a, minmay_pentomino_o2
D:3:      cheibrodos_pilgrimage, layout_rooms, lightli_temple_of_fire,
          nicolae_overflow_hidden_temple, serial_co_window_serial,
          co_window_corner_a, co_window_of_opportunity_a, co_window_corner_a,
          co_window_cross_1, co_window_paths_a, co_window_paths_a,
          co_window_corner_a, co_window_paths_a, co_window_paths_a,
          co_window_unsneaky_path_d, co_window_paths_c,
          co_window_unsneaky_path_e, co_window_corner_b, glass_columns_a,
          glass_columns_c, uniq_jessica, uniq_sigmund

Skill      XL: |  1  2  3 |
---------------+----------+-----
Polearms       | 2 3 |  3.1
Shields        | 3 |  3.7
Armour         | 3 |  3.7
Fighting       | 4 |  4.1

Action                   |  1- 3 |  4- 6 || total
-------------------------+-------+-------++-------
Melee: Trident           |   158 |    29 ||   187
  Use: Scroll            |    10 |       ||    10
       Potion            |     1 |       ||     1
Armor: Scale mail        |    67 |     4 ||    71
Dodge: Dodged            |    48 |     3 ||    51
Block: Kite shield       |   122 |    20 ||   142

Table legend: (Time is in decaauts)
 A = Elapsed time spent in this place.
 B = Non-inter-level travel time spent in this place.
 C = Inter-level travel time spent in this place.
 D = Time resting spent in this place.
 E = Time spent auto-exploring this place.
 F = Levels seen in this place.
 G = Mean time per level.
                   A        B        C        D        E       F      G
               +--------+--------+--------+--------+--------+-----+--------+
         Total |   2170 |   2114 |     56 |    476 |   1248 |   3 |  723.3 |
       Dungeon |   2170 |   2114 |     56 |    476 |   1248 |   3 |  723.3 |
               +--------+--------+--------+--------+--------+-----+--------+

Top non-repeatable levels by time:
     D:1: 1116 daAuts
     D:2: 816 daAuts
     D:3: 237 daAuts
